Map: Abyssal Reef LE

Players

DankDoctor

  • Race: Protoss Protoss
  • League: Gold
  • Spawn Location: 5:00

A.I. 1 (Elite) - Winner!

  • Race: Terran Terran
  • Spawn Location: 11:00

VOD

Have the link to the VOD?

Description

Time

  • Played on: Aug. 3, 2017, 9:28 a.m.
  • Length: 13:57
Show
View Real Time Build Order
Export as new Build Order

DankDoctor Protoss 

Build Orders: 1 Gate Expand 

Get SALT Encoding   

  12  0:01  Probe (Chrono Boost)  
  13  0:15  Pylon  
  13  0:18  Probe (Chrono Boost)  
  14  0:28  Probe (Chrono Boost)  
  15  0:36  Gateway  
  15  0:46  Probe (Chrono Boost)  
  16  0:50  Assimilator  
  16  0:56  Probe (Chrono Boost)  
  17  1:07  Probe (Chrono Boost)  
  18  1:17  Probe (Chrono Boost)  
  19  1:35  Nexus  
  19  1:38  Cybernetics Core  
  19  1:47  Pylon  
  19  1:54  Zealot  
  21  2:12  Assimilator  
  21  2:14  Warp Gate  
  23  2:15  Mothership Core (Chrono Boost)  
  23  2:34  Probe (Chrono Boost)  
  24  2:42  Adept  
  26  2:44  Probe (Chrono Boost)  
  27  2:53  Gateway  
  27  2:55  Probe (Chrono Boost)  
  27  2:57  Probe (Chrono Boost)  
  30  3:05  Probe (Chrono Boost)  
  30  3:08  Probe (Chrono Boost)  
  30  3:09  Adept  
  33  3:16  Probe (Chrono Boost)  
  33  3:18  Probe (Chrono Boost)  
  35  3:31  Probe x2 (Chrono Boost)  
  37  3:36  Adept  
  37  3:37  Pylon  
  39  3:41  Probe (Chrono Boost)  
  39  3:42  Probe (Chrono Boost)  
  39  3:44  Adept  
  43  3:52  Probe x2 (Chrono Boost)  
  43  3:55  Gateway  
  43  4:08  Robotics Facility  
  43  4:11  Pylon  
  43  4:22  Twilight Council  
  43  4:30  Stalker  
  43  4:31  Stalker  
  47  4:37  Probe x2 (Chrono Boost)  
  49  4:45  Gateway  
  49  4:47  Probe x2 (Chrono Boost)  
  49  4:48  Gateway  
  51  4:55  Observer  
  51  4:59  Stalker x3  
  58  5:01  Probe (Chrono Boost)  
  58  5:02  Probe (Chrono Boost)  
  58  5:06  Pylon  
  60  5:08  Assimilator  
  60  5:20  Resonating Glaives  
  60  5:25  Forge  
  60  5:27  Forge  
  60  5:28  Pylon  
  60  5:30  Probe x2 (Chrono Boost)  
  62  5:37  Assimilator  
  62  5:39  Stalker  
  62  5:40  Adept  
  66  5:46  Observer  
  67  6:02  Adept x2  
  71  6:07  Nexus  
  71  6:10  Immortal  
  75  6:18  Sentry  
  77  6:26  Pylon  
  77  6:28  Pylon  
  77  6:31  Pylon  
  77  6:40  Protoss Ground Weapons Level 1, Protoss Ground Armor Level 1  
  77  6:46  Stalker  
  78  6:47  Stalker  
  78  6:49  Immortal, Probe (Chrono Boost)  
  78  6:53  Adept  
  87  6:55  Adept  
  87  6:59  Pylon  
  89  7:04  Adept  
  91  7:10  Sentry  
  91  7:12  Sentry  
  95  7:15  Adept  
  95  7:21  Adept  
  99  7:30  Adept  
  99  7:35  Adept  
  103  7:39  Pylon  
  103  7:40  Probe x2 (Chrono Boost)  
  103  7:42  Probe (Chrono Boost)  
  106  7:44  Adept  
  106  7:45  Adept x2  
  106  7:51  Probe x2 (Chrono Boost)  
  114  8:02  Immortal  
  114  8:04  Adept  
  120  8:11  Probe x3 (Chrono Boost)  
  123  8:22  Probe (Chrono Boost)  
  102  8:41  Immortal  
  84  8:56  Adept x2  
  84  8:57  Adept x3  
  88  9:11  Robotics Bay  
  88  9:14  Gateway  
  84  9:19  Gateway  
  84  9:20  Immortal  
  82  9:29  Pylon  
  82  9:34  Stalker  
  82  9:35  Stalker x2  
  82  9:36  Stalker  
  82  9:37  Stalker  
  91  9:54  Robotics Facility  
  91  9:56  Protoss Ground Armor Level 2, Protoss Ground Weapons Level 2  
  91  9:59  Extended Thermal Lance  
  95  10:00  Immortal  
  95  10:10  Stalker x2, Pylon  
  95  10:11  Stalker x2  
  95  10:12  Adept  
  105  10:17  Probe x3 (Chrono Boost)  
  105  10:20  Assimilator  
  108  10:25  Assimilator  
  108  10:27  Probe (Chrono Boost)  
  109  10:33  Adept  
  109  10:34  Adept x2  
  109  10:35  Adept x2  
  106  10:51  Observer  
  106  10:53  Adept x2  
  106  10:54  Adept  
  106  10:55  Adept  
  115  10:57  Probe (Chrono Boost)  
  116  11:08  Probe (Chrono Boost)  
  117  11:11  Colossus  
  117  11:14  Colossus  
  117  11:17  Stalker  
  131  11:24  Pylon  
  131  11:42  Observer Gravitic Boosters  
  131  11:43  Nexus  
  131  11:50  Stargate  
  131  11:52  Stargate  
  131  11:55  Stalker x2  
  131  11:56  Stalker  
  131  11:57  Adept  
  139  12:05  Colossus  
  145  12:20  Stalker x3  
  145  12:21  Stalker  
  153  12:23  Stalker  
  153  12:29  Pylon  
  155  12:43  Stalker  
  157  12:46  Colossus  
  163  13:05  Pylon  
  163  13:08  Pylon  
  98  13:35  Stalker x2  
  98  13:36  Stalker  
  98  13:37  Stalker  
  98  13:38  Stalker x2  
Show
View Real Time Build Order
Export as new Build Order

A.I. 1 (Elite) Terran - Winner!

Build Orders: Bio Tank 

Get SALT Encoding   

  12  0:00  SCV  
  13  0:13  SCV  
  14  0:18  Supply Depot  
  14  0:25  SCV  
  15  0:40  SCV  
  16  0:44  Barracks  
  16  0:52  SCV  
  17  1:04  SCV  
  18  1:16  SCV  
  19  1:19  Command Center  
  19  1:32  Marine  
  19  1:34  Orbital Command  
  20  1:40  Refinery  
  20  1:50  Marine  
  20  1:53  Supply Depot  
  21  2:00  SCV  
  22  2:05  Refinery  
  22  2:08  Marine  
  22  2:15  SCV  
  24  2:26  Marine  
  24  2:27  SCV  
  26  2:31  SCV  
  26  2:32  Barracks  
  27  2:40  Supply Depot  
  27  2:44  Marine  
  28  2:50  Orbital Command  
  28  2:53  SCV  
  29  3:04  Factory  
  29  3:05  SCV  
  29  3:08  Marine  
  31  3:17  SCV  
  31  3:18  SCV  
  31  3:19  Marine  
  34  3:26  Marine  
  35  3:30  SCV x2  
  37  3:36  Barracks, Marine  
  38  3:42  SCV  
  38  3:43  SCV  
  38  3:44  Barracks Tech Lab  
  40  3:49  Factory Tech Lab, Starport  
  40  3:54  SCV  
  40  3:55  SCV, Barracks Tech Lab  
  42  4:02  Marine  
  43  4:05  Stimpack  
  43  4:06  SCV  
  43  4:07  SCV  
  45  4:13  Combat Shields, Marine  
  45  4:14  Supply Depot  
  46  4:18  SCV  
  46  4:19  SCV  
  46  4:20  Marine  
  46  4:23  Marine  
  50  4:26  Medivac  
  52  4:31  Marine  
  52  4:36  SCV x2  
  52  4:37  Supply Depot  
  52  4:38  Marine  
  56  4:40  Supply Depot, Marine  
  57  4:48  SCV  
  57  4:49  Marauder, SCV  
  61  4:56  Marine  
  61  4:59  Medivac  
  64  5:02  Marine  
  64  5:05  Supply Depot, SCV  
  64  5:06  SCV  
  67  5:08  Refinery  
  67  5:11  Marauder  
  67  5:13  Refinery  
  71  5:14  Marauder  
  71  5:17  SCV  
  71  5:18  SCV  
  73  5:25  Engineering Bay  
  73  5:28  Engineering Bay  
  73  5:29  SCV  
  73  5:30  SCV  
  73  5:32  Marauder  
  73  5:34  Supply Depot  
  79  5:35  Marauder  
  79  5:36  Command Center  
  79  5:41  SCV  
  80  5:46  SCV  
  81  5:52  Barracks Reactor  
  81  5:53  Terran Infantry Weapons Level 1, Terran Infantry Armor Level 1, SCV  
  84  5:57  Marauder  
  84  5:58  SCV  
  84  6:00  Supply Depot, Starport Tech Lab  
  85  6:05  Marauder  
  85  6:06  SCV  
  85  6:10  SCV  
  89  6:16  Siege Tank  
  89  6:18  SCV  
  93  6:21  Raven  
  93  6:22  Marauder, Concussive Shells  
  93  6:23  Missile Turret  
  93  6:24  Supply Depot  
  97  6:27  Marauder  
  99  6:36  Missile Turret  
  99  6:38  Barracks  
  99  6:43  Marauder  
  101  6:48  Marauder, SCV, Siege Tank, Supply Depot  
  101  6:49  SCV x2  
  109  7:00  SCV  
  110  7:01  Orbital Command  
  110  7:02  SCV  
  111  7:12  SCV  
  111  7:13  Marauder  
  111  7:14  SCV, Missile Turret  
  115  7:19  Raven  
  115  7:20  Siege Tank  
  120  7:23  Command Center, Missile Turret  
  120  7:24  SCV  
  120  7:26  Supply Depot  
  120  7:29  SCV x2  
  123  7:36  SCV  
  124  7:41  SCV  
  124  7:42  SCV, Refinery  
  126  7:44  Missile Turret  
  126  7:48  SCV  
  127  7:51  Widow Mine  
  127  7:52  Supply Depot  
  127  7:53  SCV  
  130  8:00  Armory  
  130  8:02  Refinery, Medivac  
  130  8:04  Missile Turret  
  132  8:06  SCV  
  133  8:16  Supply Depot  
  133  8:20  Factory, Siege Tank  
  133  8:26  Missile Turret  
  136  8:28  Marauder  
  136  8:29  Marauder  
  136  8:33  Marine x2  
  136  8:35  Marine  
  106  8:48  Terran Infantry Weapons Level 2  
  106  8:49  Marauder  
  106  8:50  Marine  
  106  8:51  Marine x2  
  106  8:52  Widow Mine  
  106  8:53  Marine  
  109  8:59  Raven  
  103  9:03  Widow Mine  
  103  9:07  Marine  
  103  9:09  Marine x2  
  103  9:11  Marauder, Marine  
  103  9:13  Command Center, Missile Turret  
  99  9:20  Missile Turret  
  99  9:21  Widow Mine  
  100  9:26  Marauder, Marine  
  100  9:27  Marine  
  100  9:28  Marine, Refinery, Planetary Fortress  
  100  9:30  Starport  
  100  9:31  SCV  
  105  9:32  Marauder  
  105  9:33  Factory Tech Lab, Armory  
  107  9:38  Hi-Sec Auto Tracking  
  107  9:41  Missile Turret  
  107  9:42  Raven  
  107  9:44  Marine  
  110  9:46  Marine  
  110  9:47  Barracks, Marauder  
  110  9:48  Marine  
  110  9:50  Siege Tank  
  117  9:53  Marauder  
  117  9:57  Siege Tank  
  122  10:02  Marine  
  122  10:04  Marine  
  122  10:06  Starport Reactor, Marine  
  125  10:09  Marauder  
  127  10:15  Marauder  
  127  10:20  Marine  
  130  10:22  Siege Tank  
  130  10:23  Marine, Barracks Tech Lab  
  130  10:25  Medivac  
  136  10:29  Marine, Cyclone  
  136  10:32  Refinery  
  136  10:34  Refinery  
  133  10:35  Building Armor  
  133  10:36  Marauder, Marine, Planetary Fortress  
  133  10:38  Marine  
  133  10:41  Marauder, Marine  
  133  10:42  Missile Turret  
  126  10:48  Marauder, Missile Turret  
  126  10:54  Siege Tank, Marine  
  126  10:55  Marine  
  131  10:58  Marauder  
  131  10:59  Marine  
  131  11:00  Widow Mine  
  131  11:03  Marauder  
  138  11:09  Marauder  
  138  11:10  Liberator  
  140  11:11  Terran Infantry Weapons Level 3, Marine  
  141  11:19  Marauder  
  141  11:24  Marauder  
  145  11:26  Siege Tank  
  145  11:27  High Capacity Fuel Tanks  
  145  11:29  Widow Mine  
  145  11:31  Marauder, Liberator  
  155  11:36  Supply Depot, Command Center  
  155  11:40  Marauder  
  155  11:46  Marauder  
  159  11:49  Marine  
  159  11:50  Marine  
  159  11:51  Marine  
  159  11:52  Marine  
  166  11:56  Viking  
  166  11:57  Widow Mine  
  166  11:58  Cyclone  
  166  12:00  Supply Depot  
  173  12:01  Marine  
  173  12:06  Marine  
  173  12:07  Marine  
  176  12:09  Marine  
  176  12:10  Viking  
  176  12:13  Ghost Academy  
  179  12:20  Marauder, Marine  
  182  12:23  Marine  
  182  12:24  Marine  
  182  12:25  Marauder  
  182  12:26  Widow Mine, Viking  
  182  12:28  Marauder  
  192  12:30  Siege Tank  
  192  12:31  Viking  
  197  12:45  Ghost  
  199  12:52  Planetary Fortress  
  199  12:59  Missile Turret  
  199  13:02  Missile Turret  
  199  13:15  Ghost, Medivac  
  199  13:16  Ghost  
  199  13:17  Marauder  
  199  13:18  Viking x2  
  189  13:20  Marine  
  189  13:22  Marine  
  189  13:23  Marine  
  147  13:38  Marine  
  146  13:52  Command Center  
Tags
 
Composition
Bio Tank
League
Gold
Matchup
PvT
Spawn Locations
Cross Positions
Add a new tag
Caveats
  • Supply blocks, unpowered buildings, or Contaminate may cause inaccurate times.
  • Supply counts are checked every 10 seconds.